AoeStats
← luzAK-47

African Clearing

510339027Analyzed
4v4 RM · 1d ago on Sep 30, 2026· 31m 7s· 8 players
Game mode
Random Map
Map size
Large (8 player)
Population
200
Speed
Normal
Resources
Standard
Victory
Conquest
Starting age
Dark Age
Ending age
Imperial Age
RankedLock teamsTeams togetherTeam positionsShared explorationLock speedFull tech treeHidden civsTurbo modeCheats
Victory
Defeat
🇨🇳 Vietnamese · China
1273
+10
🇨🇳 Mapuche · China
1256
+11
🇨🇳 Franks · China
1060
+18
🇨🇳 Maya · China
1011
+20
🇬🇧 Danes · United Kingdom
1162
-16
🇪🇬 Magyars · Egypt
1145
-16
🇺🇸 Mongols · United States
1115
-14
🇵🇱 Franks · Poland
1087
-13
BrianBoru
12:40 Loom
14:25 Feudal Age
18:57 Castle Age
16:52 Double-Bit Axe
16:53 Horse Collar
17:29 Fletching
19:08 Wheelbarrow
22:11 Gold Mining
22:58 Bow Saw
24:05 Padded Archer Armor
27:10 Husbandry
28:07 Heavy Plow
28:26 Bodkin Arrow
30:53 Bloodlines
31:06 Ballistics
luzAK-47
9:25 Loom
9:33 Loom
15:08 Feudal Age
19:09 Castle Age
22:10 Double-Bit Axe
27:40 Forging
Sephiroth
10:08 Loom
15:40 Feudal Age
18:31 Double-Bit Axe
19:50 Gold Mining
21:24 Horse Collar
23:41 Wheelbarrow
27:17 Castle Age
27:24 Scale Barding Armor
Cheesepuffs1897
5:32 Loom
14:07 Feudal Age
15:39 Double-Bit Axe
18:14 Castle Age
16:53 Scale Mail Armor
19:30 Bow Saw
19:06 Horse Collar
23:51 Scale Mail Armor
24:34 Wheelbarrow
大哥发把狙
4:24 Loom
14:00 Feudal Age
19:33 Castle Age
17:49 Double-Bit Axe
18:18 Gold Mining
22:25 Scale Barding Armor
23:13 Husbandry
26:27 Wheelbarrow
28:36 Chain Barding Armor
29:34 Town Watch
Guoda Statham
11:41 Loom
13:27 Feudal Age
16:00 Double-Bit Axe
18:18 Castle Age
17:10 Fletching
17:22 Horse Collar
19:20 Bow Saw
25:08 Bodkin Arrow
25:56 Town Watch
28:07 Padded Archer Armor
我是帅比
5:37 Loom
13:06 Feudal Age
14:55 Wheelbarrow
14:33 Double-Bit Axe
23:27 Castle Age
22:13 Horse Collar
22:45 Gold Mining
26:45 Crossbowman
27:30 Thumb Ring
29:03 Hand Cart
29:46 Stone Mining
不黑的驴
9:18 Loom
12:29 Feudal Age
16:17 Scale Barding Armor
19:03 Bloodlines
23:32 Castle Age
22:00 Double-Bit Axe
21:58 Horse Collar
24:19 Fletching
24:41 Bow Saw
25:19 Bodkin Arrow
31:30 Husbandry
Connection lost

Rejoining the realm…

Still unreachable

The connection could not be restored.

Session expired

The server has moved on; the page needs a fresh start.